 Dungeon Sprint DCSS version 0.31.0-9-g3a7656b989 (webtiles) character file.

Game seed: 11920322561339984823

623 Heoruswealwe the Spear-Bearer (level 7, -2/72 HPs)
             Began as a Minotaur Fighter on Feb 2, 2024.
             Was an Initiate of Gozag.
             Slain by a wyvern (10 damage)
             ... in the Dungeon (Sprint IX: "|||||||||||||||||||||||||||||").
             The game lasted 00:02:16 (182 turns).

Heoruswealwe the Spear-Bearer (Minotaur Fighter)     Turns: 182, Time: 00:02:16

Health: -2/72      AC: 14    Str: 23    XL:     7   Next: 22%
Magic:  6/6        EV:  8    Int:  5    God:    Gozag
Gold:   0          SH:  0    Dex:  9    Spells: 6/6 levels left

rFire   . . .        b - +2 halberd (venom)
rCold   . . .        (shield currently unavailable)
rNeg    . . .        c - +1 chain mail
rPois   .            (helmet restricted)
rElec   .            h - +0 cloak
rCorr   .            (no gloves)
SInv    .            (no boots)
Will    .....        (no amulet) Stlth
                     (no ring)
HPRegen 0.32/turn    (no ring)
MPRegen 0.10/turn

%: no teleportation
@: no status effects
A: horns 2, retaliatory headbutt
a: Renounce Religion, Potion Petition, Call Merchant, Bribe Branch


You were in the Dungeon.
You worshipped Gozag.
Gozag was noncommittal.
You visited 1 branch

Inventory:

Hand Weapons
 a - a +0 trident
 b - a +2 halberd of venom (weapon)
Armour
 c - a +1 chain mail (worn)
 d - a +0 buckler
 h - a +0 cloak (worn)
Wands
 l - a wand of acid (10)
Scrolls
 j - 2 scrolls of blinking
Potions
 e - 5 potions of curing
 f - a potion of heal wounds
 g - a potion of haste
 i - a potion of berserk rage
 k - a potion of might


   Skills:
 + Level 10.1 Fighting
 * Level 13.3 Polearms
 + Level 10.1 Armour
 - Level 3.6 Shields


You had 6 spell levels left.
You didn't know any spells.
Your spell library was empty.

Dungeon Overview and Level Annotations

Branches:
Dungeon (1/1)

Altars:
Cheibriados
Dithmenos
Elyvilon
Fedhas
Gozag
Hepliaklqana
Kikubaaqudgha
Makhleb
Nemelex Xobeh
Okawaru
Qazlal
Ru
Sif Muna
Trog
Uskayaw
Vehumet
Wu Jian
Xom
Yredelemnul
Zin
The Shining One
Jiyva
Lugonu


Innate Abilities, Weirdness & Mutations

You have a pair of horns on your head.
You reflexively headbutt those who attack you in melee.


Message History

You have reached level 7!
The orc priest shouts!
You puncture the kobold brigand!
The kobold brigand is poisoned.
The kobold brigand is heavily wounded.
The orc priest is no longer distracted by gold.
The wyvern is distracted by your dazzling golden aura.
The kobold brigand closely misses you. You furiously retaliate!
You headbutt the kobold brigand!
The wyvern hisses angrily.
You puncture the kobold brigand!
You kill the kobold brigand!
The wyvern is no longer distracted by gold.
Your Fighting skill increases to level 10!
Your Armour skill increases to level 10!
Reach: b) +2 halberd (venom)
Press: ? - help, Dir - move target, f - wyvern
Aim: a wyvern (about 36% to evade your +2 halberd of venom)
You reach to attack!
You hit the wyvern.
The wyvern is poisoned.
The wyvern is lightly wounded.
You puncture the wyvern!
The wyvern is moderately wounded.
The wyvern bites you but does no damage.
You hit the wyvern but do no damage.
The wyvern is moderately wounded.
The wyvern bites you.
* * * LOW HITPOINT WARNING * * *
The wyvern bites you.
* * * LOW HITPOINT WARNING * * *
You barely miss the wyvern.
The wyvern is moderately wounded.
The wyvern barely misses you.
You barely miss the wyvern. You headbutt the wyvern!
The wyvern is severely wounded.
The wyvern bites you!
* * * LOW HITPOINT WARNING * * *
You hit the wyvern but do no damage.
The wyvern looks as sick as possible!
The wyvern is severely wounded.
The wyvern bites you!
You die...
Your body crumbles into a pile of gold.

▓.▓
▓.▓
▓.▓
▓.▓
▓.▓
▓o▓
▓k▓
▓@▓
▓.▓
▓=▓
▓=▓
▓[▓
▓[▓
▓)▓
▓?▓
▓!▓


You could see a wyvern (extremely poisoned) and an orc priest.

Vanquished Creatures
  A troll (D)
  A yak (D)
  A kobold brigand (D)
  A phantom (D)
  A bombardier beetle (D)
  2 iguanas (D)
  An orc wizard (D)
  A dart slug (D)
  An orc (D)
  A ball python (D)
  A goblin (D)
  A kobold (D)
  A bat (D)
14 creatures vanquished.

Notes
Turn   | Place    | Note
-------+----------+-------------------------------------------
     0 | D        | Heoruswealwe the Minotaur Fighter began the quest for the
                  | Orb.
     0 | D        | Reached XP level 1. HP: 19/19 MP: 0/0
     7 | D        | Reached skill level 3 in Polearms
    18 | D        | Reached skill level 4 in Polearms
    29 | D        | Noticed a phantom
    29 | D        | Noticed an iguana
    29 | D        | Noticed a bombardier beetle
    29 | D        | Noticed an iguana
    31 | D        | Killed an iguana
    32 | D        | Reached skill level 5 in Fighting
    32 | D        | Reached skill level 5 in Polearms
    32 | D        | Reached skill level 5 in Armour
    32 | D        | Reached XP level 2. HP: 19/29 MP: 1/1
    32 | D        | Reached XP level 3. HP: 24/36 MP: 2/2
    36 | D        | Reached skill level 7 in Polearms
    39 | D        | Reached XP level 4. HP: 28/44 MP: 3/3
    46 | D        | Killed a phantom
    47 | D        | Reached skill level 9 in Polearms
    47 | D        | Reached XP level 5. HP: 29/52 MP: 4/4
    52 | D        | Found a snail-covered altar of Cheibriados.
    52 | D        | Found a shadowy altar of Dithmenos.
    52 | D        | Found a white marble altar of Elyvilon.
    52 | D        | Found a blossoming altar of Fedhas.
    52 | D        | Found an opulent altar of Gozag.
    53 | D        | Found a hazy altar of Hepliaklqana.
    54 | D        | Found a viscous altar of Jiyva.
    55 | D        | Found an ancient bone altar of Kikubaaqudgha.
    56 | D        | Found a corrupted altar of Lugonu.
    57 | D        | Found a burning altar of Makhleb.
    58 | D        | Found a sparkling altar of Nemelex Xobeh.
    59 | D        | Found an iron altar of Okawaru.
    60 | D        | Became a worshipper of Gozag Ym Sagoz the Greedy
    61 | D        | Found a stormy altar of Qazlal.
    62 | D        | Found a sacrificial altar of Ru.
    63 | D        | Found a shimmering blue altar of Sif Muna.
    64 | D        | Found a bloodstained altar of Trog.
    65 | D        | Found a hide-covered altar of Uskayaw.
    66 | D        | Found a radiant altar of Vehumet.
    67 | D        | Found an ornate altar of the Wu Jian Council.
    68 | D        | Found a shimmering altar of Xom.
    69 | D        | Found a basalt altar of Yredelemnul.
    70 | D        | Found a glowing silver altar of Zin.
    71 | D        | Found a glowing golden altar of the Shining One.
   154 | D        | Noticed a wyvern
   154 | D        | Noticed a yak
   154 | D        | Noticed a troll
   163 | D        | Killed a troll
   164 | D        | Reached skill level 12 in Polearms
   164 | D        | Reached XP level 6. HP: 23/63 MP: 5/5
   174 | D        | Killed a yak
   175 | D        | Reached skill level 13 in Polearms
   175 | D        | Reached XP level 7. HP: 25/71 MP: 6/6
   177 | D        | Reached skill level 10 in Fighting
   177 | D        | Reached skill level 10 in Armour
   182 | D        | Slain by a wyvern

Illustrated notes

Levels and vault maps discovered:
D:        linesprint [early_d, line_temple, items_1, d_10, items_2, lair_1,
          lair_end, items_3, orc_1, orc_end, items_4, d_15, swamp_1, shoals_1,
          snake_1, spider_1, d_20, vaults_1, items_5, swamp_end, shoals_end,
          snake_end, spider_end, vaults_end, d_27, items_6, zot_1, zot_end,
          crypt_end, forest_end, elf_end, slime_end, tomb_end, abyss_end,
          pan_hell_end]

Skill      XL: |  1  2  3  4  5  6  7 |
---------------+----------------------+-----
Polearms       | 5 7 9 12 13 | 13.3
Fighting       | 5 7 9 10 | 10.1
Armour         | 5 7 9 10 | 10.1
Shields        | |  3.6

Action                     |  1- 3 |  4- 6 |  7- 9 || total
---------------------------+-------+-------+-------++-------
  Melee: Trident           |    20 |     8 |       ||    28
         Headbutt          |     5 |     6 |     1 ||    12
         Halberd           |       |    19 |     8 ||    27
    Use: Potion            |     1 |     1 |       ||     2
 Armour: Scale mail        |    12 |     4 |       ||    16
         Chain mail        |       |    21 |     5 ||    26
  Dodge: Dodged            |     5 |     5 |     2 ||    12
  Block: Buckler           |     1 |     2 |       ||     3
